 Dungeon Crawl Stone Soup version 0.30.0-5-g1a98f26d00 (webtiles) character file.

Game seed: 10618160951014492304

54955 freelancePsychic the Markself (level 14, -6/90 HPs)
             Began as a Deep Elf Artificer on May 12, 2023.
             Was a High Priest of Dithmenos.
             Mangled by a white ugly thing (9 damage)
             ... in an ice cave.
             The game lasted 00:44:17 (24502 turns).

freelancePsychic the Markself (Deep Elf Artificer) Turns: 24502, Time: 00:44:18

Health: -6/90      AC: 15    Str: 13    XL:     14   Next: 36%
Magic:  2/20       EV: 21    Int: 17    God:    Dithmenos [*****.]
Gold:   1142       SH:  5    Dex: 18    Spells: 14/21 levels left

rFire   . . .        h - +0 shortbow
rCold   + . .        (shield currently unavailable)
rNeg    . . .        F - +0 steam dragon scales
rPois   .            p - +0 helmet
rElec   .            n - +0 cloak
rCorr   .            J - +0 pair of gloves
SInv    .            O - +2 pair of boots
Will    ++...        l - amulet of reflection
Stlth   +++++        D - ring of protection from cold
HPRegen 0.35/turn    Q - ring of willpower
MPRegen 0.17/turn

%: reflection, clarity
@: very slightly contaminated, wreathed by umbra
A: iridescent scales 1, clarity, low MP 1, strong 1
a: Renounce Religion, Shadow Step, Shadow Form


You were in an ice cave.
You worshipped Dithmenos.
Dithmenos was extremely pleased with you.
You visited 3 branches of the dungeon, and saw 20 of its levels.
You also visited: Sewer and Ice Cave.

You collected 1330 gold pieces.
You spent 188 gold pieces at shops.

Inventory:

Hand Weapons
 a - a +0 club
 h - a +0 shortbow (weapon)
Missiles
 t - a throwing net
Armour
 b - a +0 leather armour
 n - a +0 cloak (worn)
 p - a +0 helmet (worn)
 F - +0 steam dragon scales (worn)
 J - a +0 pair of gloves (worn)
 O - a +2 pair of boots (worn)
Jewellery
 l - an amulet of reflection (around neck)
 D - a ring of protection from cold (left hand)
 G - a ring of resist corrosion
 H - a ring of magical power
 I - a ring of wizardry
 K - a ring of protection from fire
 Q - a ring of willpower (right hand)
Wands
 c - a wand of flame (12)
 j - a wand of acid (7)
 x - a wand of digging (6)
 C - a wand of iceblast (1)
Scrolls
 e - a scroll of fog
 i - a scroll of brand weapon
 m - 5 scrolls of noise
 o - 2 scrolls of poison
 q - 4 scrolls of enchant weapon
 r - 4 scrolls of teleportation {@r4}
 u - 3 scrolls of identify {@r1}
 w - 4 scrolls of enchant armour
 y - a scroll of amnesia
 M - 3 scrolls of vulnerability
Potions
 f - 3 potions of mutation
 g - 10 potions of flight
 s - a potion of haste {@q3}
 v - a potion of berserk rage {unknown}
 A - 6 potions of brilliance
 B - 3 potions of cancellation {unknown}
 E - 2 potions of attraction {unknown}
 R - a potion of ambrosia
 S - 3 potions of magic
 T - a potion of resistance


   Skills:
 + Level 11.4 Fighting
 - Level 16.0 Ranged Weapons
 + Level 5.2 Armour
 + Level 14.4 Dodging
 - Level 5.5 Stealth
 - Level 4.0 Spellcasting
 + Level 4.5 Transmutations
 + Level 4.5 Fire Magic
 - Level 8.0 Poison Magic
 - Level 6.6 Evocations


You had 14 spell levels left.
You knew the following spells:

 Your Spells              Type           Power      Damage    Failure   Level
c - Ignite Poison         Fire/Tmut/Pois 22%        N/A       4%          3
d - Olgreb's Toxic Radia  Pois           30%        N/A       6%          4

Your spell library contained the following spells:

 Spells                   Type           Power      Damage    Failure   Level
 Sting                    Tmut/Pois      96%        1d7       1%          1
 Poisonous Vapours        Pois/Air       34%        N/A       4%          2
 Foxfire                  Conj/Fire      44%        2x1d6     6%          1
 Freeze                   Ice            12%        1d3       16%         1
 Necrotise                Necr           12%        1d4       16%         1
 Inner Flame              Hex/Fire       11%        N/A       19%         3
 Blink                    Tloc           6%         N/A       24%         2
 Lesser Beckoning         Tloc           6%         N/A       24%         2
 Momentum Strike          Conj/Tloc      6%         3d8       24%         2
 Static Discharge         Conj/Air       6%         2-3/arc   24%         2
 Sublimation of Blood     Necr           3%         N/A       24%         2
 Frozen Ramparts          Ice            6%         1d1       43%         3
 Hailstorm                Conj/Ice       3%         3d3       43%         3
 Tukima's Dance           Hex            3%         N/A       43%         3
 Vampiric Draining        Necr           3%         2d6       43%         3
 Vhi's Electric Charge    Tloc/Air       6%         N/A       43%         3
 Flame Wave               Conj/Fire      11%        2d6       52%         4
 Petrify                  Tmut/Erth      11%        N/A       52%         4
 Sticky Flame             Conj/Fire      11%        2d3       52%         4
 Airstrike                Air            1%         2d(1-17)  83%         4
 Passage of Golubria      Tloc           3%         N/A       83%         4
 Summon Lightning Spire   Summ/Air       3%         N/A       83%         4
 Fireball                 Conj/Fire      5%         3d5       86%         5
 Irradiate                Conj/Tmut      5%         3d13      86%         5
 Yara's Violent Unravell  Hex/Tmut       5%         3d4       86%         5
 Agony                    Necr           3%         N/A       99%         5
 Arcjolt                  Conj/Air       1%         1d11      99%         5
 Plasma Beam              Fire/Air       5%         2x1d17    100%        6
 Starburst                Conj/Fire      5%         6d4       100%        6
 Ignition                 Fire           9%         3d5       100%        8


Dungeon Overview and Level Annotations

Branches:
Dungeon (14/15)            Temple (0/1) D:4            Lair (5/5) D:8
  Swamp (0/4) Lair:3       Spider (0/4) Lair:2        Slime (0/5) Lair:5
    Orc (1/2) D:10         Vaults (0/5) D:13          Sewer (visited)
  IceCv (1/1)

Altars:
Cheibriados
Dithmenos
Gozag
Hepliaklqana
Kikubaaqudgha
Nemelex Xobeh
Okawaru
Qazlal
Sif Muna
Uskayaw
Vehumet
Wu Jian
Xom
Yredelemnul
The Shining One
Jiyva

Shops:
D:3 ?

Annotations:
D:3 1 runed translucent door, Crazy Yiuf
D:11 exclusions: door and ugly thing
D:13 1 runed translucent door
D:14 Roxanne
Lair:2 exclusion: hydra
Lair:4 exclusion: oklob plant
Orc:1 Erolcha


Innate Abilities, Weirdness & Mutations

You are partially covered in iridescent scales. (AC +2)
You possess an exceptional clarity of mind.
Your magical capacity is low. (-10% MP)
Your muscles are strong. (Str +4, Int/Dex -1)


Message History

The white ugly thing attacks as you move away!
The white ugly thing barely misses you.
A white ugly thing comes into view.
The white ugly thing is poisoned.
The white ugly thing punches you.
* * * LOW HITPOINT WARNING * * *
The white ugly thing freezes you. You resist.
* * * LOW HITPOINT WARNING * * *
The white ugly thing gores you!
* * * LOW HITPOINT WARNING * * *
The white ugly thing freezes you! You resist.
* * * LOW HITPOINT WARNING * * *
Okay, then.
You feel better.
The rime drake looks as sick as possible!
The white ugly thing looks even sicker.
The white ugly thing looks as sick as possible!
Your toxic aura wanes.
The white ugly thing completely misses you.
The white ugly thing barely misses you.
Okay, then.
You feel better.
You are engulfed in freezing vapours.
You resist.
* * * LOW HITPOINT WARNING * * *
The white ugly thing is engulfed in freezing vapours.
The white ugly thing punches you but does no damage.
You block the rime drake's attack.
The white ugly thing gores you but does no damage.
The rime drake attacks as you move away!
The rime drake bites you.
* * * LOW HITPOINT WARNING * * *
The ice encasing you melts away. The rime drake breathes ice at you.
The icy flash freeze misses you.
Okay, then.
You shoot an arrow. The arrow hits the white ugly thing.
The white ugly thing is almost dead.
The white ugly thing is engulfed in freezing vapours.
The white ugly thing punches you.
* * * LOW HITPOINT WARNING * * *
The white ugly thing freezes you! You resist.
You die...

#.. #..#
#... #..##
##†.##
#.#..##
#.k..#
##uu##
##.@#§§§...#
#..####§#$..
##.## #
##..# #...##
##...#
#...## #.†.#
#.∩.####


You could see 2 ugly things and a rime drake (very poisoned, catching breath).

Vanquished Creatures
  An ironbound preserver (D:13)
  3 hydras
  A catoblepas (Lair:4)
  Erica (D:9)
  2 centaur warriors (D:13)
  A boulder beetle (Lair:3)
  A tengu warrior (D:13)
  6 two-headed ogres
  3 skysharks
  A goliath frog (Lair:5)
  Amaemon (D:10)
  3 spriggan simulacra (D:14)
  A harpy (shapeshifter) (D:13)
  Pikel (D:8)
  3 deep elf pyromancers
  A necromancer (D:11)
  4 cyclopes
  3 ugly things
  A manticore (D:13)
  4 black mambas
  An orange demon (D:10)
  6 rime drakes
  16 cane toads
  2 unseen horrors (D:11)
  A kobold demonologist (D:13)
  6 komodo dragons
  A tengu conjurer (D:13)
  3 polar bears
  3 trolls
  2 tyrant leeches (Lair:5)
  Prince Ribbit (D:5)
  27 blink frogs
  10 slime creatures
  A shadow (D:10)
  5 culicivoras (Lair:2)
  20 yaks
  A vampire (D:7)
  5 wyverns
  6 steam dragons
  6 wraiths
  A basilisk (Lair:2)
  A minotaur simulacrum (D:14)
  11 vampire mosquitoes
  A harpy simulacrum (D:14)
  3 acid dragons
  18 water moccasins
  8 orc warriors
  A swamp drake (D:10)
  2 black bears
  3 ice beasts
  A sky beast (D:7)
  An ogre (D:3)
  9 centaurs
  A phantom (D:6)
  A kobold brigand (D:9)
  3 deep troll simulacra (D:14)
  2 gnoll sergeants (D:10)
  13 bullfrogs
  A necrophage (D:8)
  2 scorpions
  16 wights
  5 killer bees (D:8)
  2 electric eels (Lair:5)
  4 howler monkeys
  A centaur zombie (D:8)
  3 hounds
  2 jellies (Lair:5)
  A human zombie (D:8)
  6 orc priests
  12 orc wizards
  5 iguanas
  A polar bear simulacrum (D:11)
  A wolf simulacrum (D:11)
  A killer bee zombie (D:8)
  3 mummies (D:8)
  3 howler monkey zombies (D:8)
  6 gnolls
  6 river rats
  5 adders
  A shadow imp (D:5)
  An ufetubus (D:7)
  A worm (Sewer)
  2 dart slugs (D:1)
  49 orcs
  9 endoplasms
  4 giant cockroaches
  5 goblins
  5 hobgoblins
  10 jackals
  10 kobolds
  9 quokkas
  8 ball pythons
  9 bats
  3 frilled lizards
  5 rats
  A spectral orc (D:5)
463 creatures vanquished.

Vanquished Creatures (collateral kills)
  Sigmund (D:3)
  3 orc priests
  3 gnolls (D:4)
  2 orcs
  A goblin (D:1)
  3 hobgoblins (D:1)
  A ball python (D:4)
  A bat (D:1)
  A frilled lizard (D:1)
16 creatures vanquished.

Vanquished Creatures (others)
  An iguana (D:6)
1 creature vanquished.

Grand Total: 480 creatures vanquished

Notes
Turn   | Place    | Note
-------+----------+-------------------------------------------
     0 | D:1      | freelancePsychic the Deep Elf Artificer began the quest for
                  | the Orb.
     0 | D:1      | Reached XP level 1. HP: 11/11 MP: 3/3
     3 | D:1      | Noticed an electric eel
     4 | D:1      | Noticed an electric eel
   106 | D:1      | Reached skill level 1 in Fighting
   211 | D:1      | Reached XP level 2. HP: 8/16 MP: 4/4
   632 | D:1      | Reached skill level 1 in Ranged Weapons
   924 | D:2      | Reached XP level 3. HP: 16/20 MP: 5/5
  1270 | D:2      | Reached skill level 2 in Ranged Weapons
  1464 | D:3      | Found a runed translucent door.
  1465 | D:3      | Noticed Crazy Yiuf
  1597 | D:3      | Found a shimmering blue altar of Sif Muna.
  1736 | D:3      | Noticed Sigmund
  1763 | D:3      | Reached XP level 4. HP: 26/26 MP: 6/6
  1765 | D:3      | Reached skill level 3 in Ranged Weapons
  1767 | D:3      | Reached XP level 5. HP: 19/30 MP: 3/7
  1776 | D:3      | Noticed an ogre
  1803 | D:3      | Killed Sigmund
  1804 | D:3      | Reached skill level 5 in Ranged Weapons
  1804 | D:3      | Reached XP level 6. HP: 34/36 MP: 8/8
  2195 | D:4      | Found a glowing drain.
  2218 | Sewer    | Entered a sewer
  2375 | Sewer    | Gained mutation: You are partially covered in iridescent
                  | scales. (AC +2) [potion of mutation]
  2375 | Sewer    | Gained mutation: Your magical capacity is low. (-10% MP)
                  | [potion of mutation]
  2375 | Sewer    | Gained mutation: Your muscles are strong. (Str +4, Int/Dex
                  | -1) [potion of mutation]
  2375 | Sewer    | Gained mutation: You possess an exceptional clarity of
                  | mind. [potion of mutation]
  2533 | Sewer    | Reached skill level 6 in Ranged Weapons
  2770 | Sewer    | Reached skill level 5 in Stealth
  3148 | D:4      | Reached XP level 7. HP: 26/41 MP: 5/8
  3516 | D:4      | Found a staircase to the Ecumenical Temple.
  3916 | D:3      | Found a sparkling altar of Nemelex Xobeh.
  3927 | D:3      | Reached skill level 7 in Ranged Weapons
  3939 | D:3      | Found an ornate altar of the Wu Jian Council.
  3992 | D:3      | Found Hymiocwec's Magic Scroll Emporium.
  4016 | D:3      | Bought a scroll of fog for 52 gold pieces
  4016 | D:3      | Bought a scroll of enchant armour for 97 gold pieces
  4016 | D:3      | Bought a scroll of teleportation for 39 gold pieces
  4221 | D:3      | Noticed a moth of wrath
  4309 | D:5      | Entered Level 5 of the Dungeon
  4569 | D:5      | Reached skill level 8 in Ranged Weapons
  4711 | D:5      | Found a shadowy altar of Dithmenos.
  4719 | D:5      | Became a worshipper of Dithmenos the Shadowed
  4789 | D:5      | Found a shimmering altar of Xom.
  4801 | D:5      | Found a shimmering altar of Xom.
  4801 | D:5      | Found a shimmering altar of Xom.
  4801 | D:5      | Found a shimmering altar of Xom.
  4802 | D:5      | Found a shimmering altar of Xom.
  4803 | D:5      | Found a shimmering altar of Xom.
  4863 | D:5      | Noticed Prince Ribbit
  4931 | D:5      | Found a basalt altar of Yredelemnul.
  5074 | D:5      | Found an iron altar of Okawaru.
  5171 | D:5      | Reached XP level 8. HP: 4/48 MP: 1/9
  5786 | D:5      | Killed Prince Ribbit
  5787 | D:5      | Reached skill level 9 in Ranged Weapons
  6072 | D:6      | Reached skill level 5 in Evocations
  6203 | D:6      | Reached skill level 10 in Ranged Weapons
  6702 | D:6      | Reached skill level 5 in Fighting
  6702 | D:6      | Reached XP level 9. HP: 54/54 MP: 10/10
  6748 | D:6      | Found a snail-covered altar of Cheibriados.
  6945 | D:7      | Reached skill level 11 in Ranged Weapons
  7020 | D:7      | Found a hide-covered altar of Uskayaw.
  7275 | D:7      | Reached * piety under Dithmenos
  7593 | D:7      | Found a hazy altar of Hepliaklqana.
  7594 | D:7      | Found a faded altar of an unknown god.
  7954 | D:8      | Noticed Pikel
  8025 | D:8      | Reached skill level 12 in Ranged Weapons
  8108 | D:8      | Killed Pikel
  8109 | D:8      | Reached skill level 5 in Dodging
  8206 | D:8      | Reached XP level 10. HP: 60/60 MP: 11/11
  8232 | D:8      | Found an opulent altar of Gozag.
  8413 | D:8      | Reached skill level 13 in Ranged Weapons
  8548 | D:8      | HP: 1/60 [komodo dragon (18)]
  8759 | D:8      | Found a staircase to the Lair.
  8833 | D:8      | Found an ancient bone altar of Kikubaaqudgha.
  9124 | D:8      | Found a radiant altar of Vehumet.
  9303 | D:9      | Reached ** piety under Dithmenos
  9338 | D:9      | Noticed a two-headed ogre
  9352 | D:9      | Killed a two-headed ogre
  9381 | D:9      | Reached skill level 14 in Ranged Weapons
  9594 | D:9      | Noticed Erica
  9729 | D:9      | Killed Erica
  9829 | D:9      | Noticed a two-headed ogre
  9845 | D:9      | Killed a two-headed ogre
  9891 | D:9      | Reached skill level 15 in Ranged Weapons
 10329 | D:10     | Entered Level 10 of the Dungeon
 10403 | D:10     | Found a staircase to the Orcish Mines.
 10438 | D:10     | Reached XP level 11. HP: 59/67 MP: 11/11
 10869 | D:10     | Reached *** piety under Dithmenos
 11520 | D:10     | Noticed a two-headed ogre
 11537 | D:10     | Killed a two-headed ogre
 11538 | D:10     | Reached skill level 16 in Ranged Weapons
 11654 | D:10     | You fall into a shaft and drop 1 floor!
 11682 | D:11     | Noticed a green ugly thing
 11838 | D:10     | Noticed Amaemon
 11855 | D:10     | Killed Amaemon
 12230 | Orc:1    | Entered Level 1 of the Orcish Mines
 12230 | Orc:1    | Noticed Erolcha
 12415 | Lair:1   | Entered Level 1 of the Lair of Beasts
 12768 | Lair:1   | Reached **** piety under Dithmenos
 12769 | Lair:1   | Reached skill level 10 in Dodging
 12879 | Lair:1   | Reached skill level 1 in Poison Magic
 13411 | Lair:2   | Found a stormy altar of Qazlal.
 13748 | Lair:2   | Noticed a skyshark
 13763 | Lair:2   | Killed a skyshark
 13764 | Lair:2   | Reached XP level 12. HP: 75/75 MP: 12/12
 13787 | Lair:2   | Learned a level 4 spell: Olgreb's Toxic Radiance
 13906 | Lair:2   | Noticed an eight-headed hydra
 14305 | Lair:2   | Reached skill level 5 in Poison Magic
 14923 | Lair:2   | Found a hole to the Spider Nest.
 15235 | Lair:3   | Reached skill level 1 in Spellcasting
 15710 | Lair:4   | Noticed a boulder beetle
 15971 | Lair:3   | Noticed Urug
 15999 | Lair:3   | Found a staircase to the Swamp.
 16124 | Lair:3   | Urug changed into Urug the cyclops
 16124 | Lair:3   | Noticed Urug
 16133 | Lair:3   | Killed Urug the cyclops
 16660 | Lair:3   | Killed a boulder beetle
 16812 | Lair:4   | Noticed a catoblepas
 16833 | Lair:4   | Killed a catoblepas
 17040 | Lair:4   | Found a glowing golden altar of the Shining One.
 17375 | Lair:4   | Reached XP level 13. HP: 52/82 MP: 19/19
 17891 | Lair:5   | Entered Level 5 of the Lair of Beasts
 17902 | Lair:5   | Reached skill level 10 in Fighting
 18235 | Lair:5   | Reached ***** piety under Dithmenos
 18283 | Lair:5   | Found a viscous altar of Jiyva.
 18283 | Lair:5   | Found a staircase to the Slime Pits.
 18296 | Lair:5   | Reached skill level 1 in Armour
 19404 | Lair:5   | Identified the +6 trident of Kion {drain, rF+}
 19578 | Lair:5   | Learned a level 3 spell: Ignite Poison
 19922 | Lair:5   | Reached skill level 1 in Transmutations
 20166 | D:11     | Reached skill level 1 in Fire Magic
 22480 | D:13     | Reached XP level 14. HP: 90/90 MP: 12/20
 22636 | D:13     | Noticed an ironbound preserver
 22649 | D:13     | Killed an ironbound preserver
 23084 | D:13     | Identified the +2 plate armour "Itrigat" {+Blink}
 23436 | D:13     | Found a gate to the Vaults.
 23635 | D:13     | Noticed a tengu reaver
 23636 | D:13     | Found a runed translucent door.
 23636 | D:13     | Noticed a storm dragon
 23772 | D:14     | Noticed Roxanne
 23831 | D:14     | Reached skill level 5 in Armour
 24025 | D:14     | Found a frozen archway.
 24375 | IceCv    | Entered an ice cave
 24502 | IceCv    | HP: 3/90 [white ugly thing (4)]
 24502 | IceCv    | Mangled by a white ugly thing

Illustrated notes

Levels and vault maps discovered:
D:1:      arrival_aquarium_b, layout_basic
D:2:      layout_rooms
D:3:      layout_basic, mainiacjoe_overflow_alcove_4, tgw_trog,
          mainiacjoe_overflow_paths, nemelex_xobeh_ov_fountains_minmay,
          serial_shops, nicolae_shop_tiny_waterfront, uniq_crazy_yiuf_cottage,
          uniq_sigmund
D:4:      layout_loops_ring, minmay_temple_entry_enclosed_plants,
          gup_sewer_entry_spiral, grunt_ministairs_7
D:5:      minmay_razor_zed, layout_cave_pools,
          yredelemnul_forgotten_temple_becter, okawaru_ov_weapons_minmay,
          nicolae_dithmenos_shadow_blocks, xom_redecorated, uniq_prince_ribbit1
D:6:      layout_rooms, lemuel_doored_altar, corexii_item_surrounded_by_moat
D:7:      layout_basic, nicolae_uskayaw_dance_hall,
          beargit_hepliaklqana_dungeon_heroes, serial_glass, glass_columns_c,
          glass_columns_a, glass_columns_b, glass_columns_a, glass_columns_b,
          glass_columns_c, glass_columns_b, glass_columns_a, glass_columns_c
D:8:      layout_basic, lemuel_crystal_altar, mainiacjoe_overflow_chevrons,
          lemuel_mausoleum_altar_kikubaaqudgha, david_lair_shrubbed, uniq_pikel
D:9:      layout_basic, serial_park_tiny_1, dk_noncrumbling_3, uniq_erica
D:10:     minmay_octagon_keep, layout_irregular_city,
          nicolae_overflow_hidden_temple, erik_orc_1, uniq_amaemon
D:11:     layout_roguey, eino_house_with_fridge
D:12:     layout_basic, nicolae_wwwww, evilmike_butchery
D:13:     layout_roguey, skrybe_vaults_entry_preservation,
          kennysheep_treasure_room
D:14:     layout_irregular_city, portal_ice_cave_entry_ice_simulacra,
          chequers_jeans, chequers_mini_garden, uniq_roxanne
Lair:1:   layout_regular_city, serial_bayou_shore_b, serial_bayou_shore_b
Lair:2:   layout_chaotic_city, hellmonk_spider_entry_life_and_decay, basic_altar
Lair:3:   layout_long_grid, minmay_swamp_entry_swarm, wad_woods_road_02,
          dreamdust_mushroom_princess, uniq_urug
Lair:4:   layout_misc_corridors, basic_altar, minmay_lair_oklob_bushes,
          grunt_megastairs_1
Lair:5:   minmay_lair_end_frog_pond, layout_long_grid,
          minmay_slime_entry_pillars
Orc:1:    layout_caves, uniq_sonja, uniq_erolcha, uniq_snorg, uniq_harold
IceCv:    ice_cave_caverns_02

Skill      XL: |  1  2  3  4  5  6  7  8  9 10 11 12 13 14 |
---------------+-------------------------------------------+-----
Fighting       | 1 2 3 5 6 7 8 9 11 | 11.4
Stealth        | 2 3 4 5 |  5.5
Ranged Weapons | 1 2 3 5 6 8 10 12 15 16 | 16.0
Evocations     | 4 5 6 |  6.6
Dodging        | 5 7 10 12 14 | 14.4
Poison Magic   | 3 8 |  8.0
Spellcasting   | 4 |  4.0
Armour         | 4 5 |  5.2
Transmutations | 3 4 |  4.5
Fire Magic     | 3 4 |  4.5

Action                     |  1- 3 |  4- 6 |  7- 9 | 10-12 | 13-15 || total
---------------------------+-------+-------+-------+-------+-------++-------
  Melee: Club              |    27 |       |       |       |       ||    27
   Fire: Shortbow          |    76 |   139 |   484 |  1343 |   650 ||  2692
   Cast: Olgreb's Toxic Ra |       |       |       |    31 |    74 ||   105
         Ignite Poison     |       |       |       |       |    24 ||    24
  Evoke: Wand              |     2 |     8 |    38 |    22 |    25 ||    95
    Use: Scroll            |     1 |     5 |     3 |    14 |    11 ||    34
         Potion            |       |     1 |     1 |     4 |    15 ||    21
 Armour: Leather armour    |    16 |    19 |    56 |       |       ||    91
         Steam dragon scal |       |       |    12 |    84 |    58 ||   154
  Dodge: Dodged            |    45 |    56 |   169 |   475 |   270 ||  1015
  Block: Other             |       |       |       |    21 |    76 ||    97
         Reflection        |       |       |       |       |     3 ||     3
